 Dungeon Crawl Stone Soup version 0.20-a0-970-gcd8f41e (webtiles) character file.

135 Murumi the Covert (level 5, -4/45 HPs)
             Began as a Naga Assassin on Apr 7, 2017.
             Killed from afar by Ijyb (22 damage)
             ... with a wand of acid (?/15)
             ... on level 2 of the Dungeon.
             The game lasted 00:12:19 (1807 turns).

Murumi the Covert (Naga Assassin)                   Turns: 1807, Time: 00:12:19

Health: -4/45      AC:  1    Str: 13    XL:     5   Next: 18%
Magic:  6/6        EV:  9    Int: 12    God:
Gold:   116        SH:  0    Dex: 13    Spells: 4/4 levels left

rFire    . . .     SeeInvis +   i - +2 dagger (venom)
rCold    . . .     Gourm    .   (no shield)
rNeg     . . .     Faith    .   c - +0 robe
rPois    +         Spirit   .   o - +0 helmet
rElec    .         Reflect  .   d - +0 cloak
rCorr    .         Harm     .   n - +0 pair of gloves
MR       .....                  (no barding)
Stlth    ++++......             (no amulet)
Regen    0.2/turn               (no ring)
MPRegen  0.1/turn               (no ring)

@: corroded, very slow
A: see invisible, deformed body, poison resistance, slowness 2, slow metabolism
1, spit poison 1, AC +1
a: Spit Poison


You were on level 2 of the Dungeon.
You were not hungry.

You visited 1 branch of the dungeon, and saw 3 of its levels.

You collected 116 gold pieces.

Inventory:

Hand Weapons
 b - a +0 blowgun
 i - a +2 dagger of venom (weapon)
Missiles
 a - 71 stones (quivered)
 e - 8 poisoned needles
 f - 2 curare-tipped needles
Armour
 c - a +0 robe (worn)
 d - a +0 cloak (worn)
 n - a +0 pair of gloves (worn)
 o - a +0 helmet (worn)
Wands
 s - a wand of paralysis (16/24)
 u - a wand of iceblast (10/15)
Scrolls
 m - 3 scrolls of teleportation
Potions
 h - a potion of agility
 j - a potion of invisibility {unknown}
 k - a potion of resistance {unknown}
 l - 3 potions of flight
 p - a potion of curing {unknown}
Comestibles
 g - 2 bread rations
 q - a royal jelly
 r - 7 fruits


   Skills:
 - Level 2.0 Fighting
 - Level 2.0 Short Blades
 - Level 2.0 Throwing
 - Level 1.0 Dodging
 + Level 8.6 Stealth
 - Level 2.1 Evocations


You had 4 spell levels left.
You didn't know any spells.

Dungeon Overview and Level Annotations

Branches:
Dungeon (3/15)

Altars:
Elyvilon

Annotations:
D:2 Ijyb


Innate Abilities, Weirdness & Mutations

You cannot wear boots.
Your serpentine skin is tough. (AC +1)
You have supernaturally acute eyesight. (SInv)
Armour fits poorly on your strangely shaped body.
Your system is resistant to poisons. (rPois)
You cover ground very slowly.
You have a slow metabolism.
You can spit poison.


Message History

Ijyb barely misses you.
You hit Ijyb.
Ijyb looks as sick as possible!
Ijyb is moderately wounded.
Ijyb zaps a wand.
The bolt of acid hits you! The acid corrodes you!
You are splashed with acid!
The acid burns!
Evoke which item? (* to show all) (? for menu, Esc to quit)
Aiming: Paralyse (will waste charges)
Press: ? - help, Shift-Dir - straight line, f - Ijyb
Aim: Ijyb, wielding a club, wearing a ring mail and carrying a wand of acid (?/15) {zapped: 2} (moderately wounded, poisoned, chance to defeat MR: 61%) Ijyb resists with significant effort.
Evoking this partially-identified wand wasted a few charges.
Your skill with magical items lets you calculate the power of this device...
This wand has 17 charges left.
Ijyb barely misses you.
Evoke which item? (* to show all) (? for menu, Esc to quit)
Aiming: Paralyse
Press: ? - help, Shift-Dir - straight line, f/p - Ijyb
Aim: Ijyb, wielding a club, wearing a ring mail and carrying a wand of acid (?/15) {zapped: 2} (moderately wounded, poisoned, chance to defeat MR: 61%) Ijyb resists with significant effort.
This wand has 16 charges left.
Ijyb zaps a wand.
The bolt of acid hits you!
You die...

...#........#.##.###)).....#.#...
........###.#......#......##.#.##
....#...#..........#.............
#.#.#.#.#.#.#......#....##.......
............#......###...........
#.#.#.#.#.#.#......###...........
.................................
#.#.#.#.#.#........†.......#.#.##
................@..........#.#.#
#.#.#.#.#.###...g..............##
...........##..............#.....
#.#.#.#.#.#....####..............
.......>.......#.................
#.#.#.#.#.#....#.................
.....[#........#.............####
.....##........####.........##
.....##............####.....#


You could see Ijyb.

Vanquished Creatures
  Jessica (D:2)
  4 adders (D:2)
  3 worms (D:2)
  2 dart slugs (D:2)
  2 leopard geckos
  8 bats
  4 giant cockroaches
  9 hobgoblins
  3 jackals (D:2)
  5 kobolds
  A quokka (D:2)
  5 frilled lizards
  8 goblins
  4 rats
59 creatures vanquished.

Notes
Turn   | Place    | Note
-------+----------+-------------------------------------------
     0 | D:1      | Murumi the Naga Assassin began the quest for the Orb.
     0 | D:1      | Reached XP level 1. HP: 19/19 MP: 1/1
    22 | D:1      | Reached skill level 6 in Stealth
    82 | D:1      | Reached skill level 1 in Dodging
   119 | D:1      | Reached XP level 2. HP: 25/26 MP: 2/2
   452 | D:1      | Reached skill level 7 in Stealth
   452 | D:1      | Reached XP level 3. HP: 29/32 MP: 3/3
  1009 | D:2      | Reached skill level 8 in Stealth
  1009 | D:2      | Reached XP level 4. HP: 34/39 MP: 4/4
  1024 | D:2      | Found a white marble altar of Elyvilon.
  1248 | D:2      | Noticed Jessica
  1258 | D:2      | Reached skill level 1 in Evocations
  1269 | D:2      | Killed Jessica
  1269 | D:2      | Reached XP level 5. HP: 26/45 MP: 4/6
  1794 | D:3      | Noticed Ijyb
  1807 | D:2      | Killed from afar by Ijyb

Vault maps used:
D:1:      roderic_dead_forest, minmay_misc_feat_five, minmay_bisected
D:2:      cheibrodos_helix_gallery, lemuel_doored_altar, st_stairs_11,
          uniq_jessica
D:3:      old_standard_altar, lemuel_crystal_altar, uniq_iyjb

Skill      XL: |  1  2  3  4 |
---------------+-------------+-----
Stealth        | 6 7 8 |  8.6
Dodging        | 1 |  1.0
Throwing       | 2 |  2.0
Evocations     | 2 |  2.1
Fighting       | |  2.0
Short Blades   | |  2.0

Action                   |  1- 3 |  4- 6 || total
-------------------------+-------+-------++-------
Melee: Dagger            |    89 |    69 ||   158
Throw: Stone             |       |     3 ||     3
 Abil: Spit Poison       |     5 |     2 ||     7
Evoke: Wand              |       |     2 ||     2
  Use: Scroll            |     5 |     2 ||     7
 Stab: Sleeping          |     7 |     1 ||     8
  Eat: Chunk             |       |     2 ||     2
Armor: Robe              |    26 |    39 ||    65
Dodge: Dodged            |    32 |    49 ||    81
